| TOP OF THE 1ST |
|
Joplin Blasters batting - Pitching for Houston Colt .45's : RHP Jaquan Alston
|
|
Pitching: RHP Jaquan Alston
|
|
|
Batting: RHB Dave Saldana
|
0-0: SINGLE (Groundball, 4D, EV 108.1 MPH)
|
|
Batting: LHB David Bearden
|
0-0: Ball 1-0: Ball 2-0: Swinging Strike 2-1: Foul Ball, location: 2F 2-2: Strikes out swinging
|
|
Batting: RHB Bobby Matyas
|
0-0: Ball 1-0: Grounds into double play, 4-6-3 (Groundball, 13, EV 87.5 MPH)
|
| Top of the 1st over - 0 runs, 1 hit, 0 errors, 0 left on base; Joplin 0 - Houston 0 |
| BOTTOM OF THE 1ST |
|
Houston Colt .45's batting - Pitching for Joplin Blasters : RHP Mike Galvin
|
|
Pitching: RHP Mike Galvin
|
|
|
Batting: RHB Jason Monico
|
0-0: Ball 1-0: Ball 2-0: Ground out 6-3 (Groundball, 6M, EV 101.9 MPH)
|
|
Batting: SHB Chris Keziah
|
0-0: Ball 1-0: Called Strike 1-1: Foul Ball, location: 2F 1-2: Strikes out looking
|
|
Batting: RHB Bobby Dunn
|
0-0: Called Strike 0-1: Ball 1-1: Foul Ball, location: 2F 1-2: Ball 2-2: Foul Ball, location: 2F 2-2: Ball 3-2: Fly out, F9 (Line Drive, 9, EV 96.9 MPH)
|
| Bottom of the 1st over - 0 runs, 0 hits, 0 errors, 0 left on base; Joplin 0 - Houston 0 |
| TOP OF THE 2ND |
|
Joplin Blasters batting - Pitching for Houston Colt .45's : RHP Jaquan Alston
|
|
Batting: LHB Josh Dalton
|
0-0: Swinging Strike 0-1: Called Strike 0-2: Ball 1-2: Ball 2-2: Ball 3-2: Base on Balls
|
|
Batting: SHB Sean Hill
|
0-0: Ball 1-0: Called Strike 1-1: Foul Ball, location: 2F 1-2: Foul Ball, location: 2F 1-2: Foul Ball, location: 2F 1-2: Foul Ball, location: 2F 1-2: Fielders Choice at 2nd, 4-6 (Groundball, 34, EV 106.9 MPH)
|
|
Batting: RHB Justin Goff
|
0-0: Ball 1-0: Called Strike 1-1: SINGLE (Groundball, 56D, EV 103.8 MPH) Sean Hill to second
|
|
Batting: RHB Adam Krieger
|
0-0: Fly out, F9 (Flyball, 9S, EV 93.1 MPH)
|
|
Batting: RHB Jason Birge
|
0-0: Fly out, F9 (Line Drive, 9, EV 93.8 MPH)
|
| Top of the 2nd over - 0 runs, 1 hit, 0 errors, 2 left on base; Joplin 0 - Houston 0 |
| BOTTOM OF THE 2ND |
|
Houston Colt .45's batting - Pitching for Joplin Blasters : RHP Mike Galvin
|
|
Batting: LHB Bob Dietz
|
0-0: Swinging Strike 0-1: Fly out, F9 (Line Drive, 9D, EV 88.8 MPH)
|
|
Batting: RHB Nate Britton
|
0-0: Ball 1-0: Called Strike 1-1: Called Strike 1-2: Foul Ball, location: 2F 1-2: Strikes out swinging
|
|
Batting: RHB Keith Goodwin
|
0-0: Swinging Strike 0-1: Foul Ball, location: 2F 0-2: Ball 1-2: Ball 2-2: Ball 3-2: Foul Ball, location: 2F 3-2: Strikes out swinging
|
| Bottom of the 2nd over - 0 runs, 0 hits, 0 errors, 0 left on base; Joplin 0 - Houston 0 |
| TOP OF THE 3RD |
|
Joplin Blasters batting - Pitching for Houston Colt .45's : RHP Jaquan Alston
|
|
Batting: RHB Carlos Santoni
|
0-0: Ball 1-0: SINGLE (Groundball, 6D, EV 101.2 MPH)
|
|
Batting: RHB Dave Saldana
|
0-0: Swinging Strike 0-1: Ball 1-1: Ball 2-1: Foul Ball, location: 2F 2-2: Fly out, F6 (Line Drive, 6, EV 65.6 MPH)
|
|
Batting: LHB David Bearden
|
0-0: Called Strike 0-1: Called Strike 0-2: Ball 1-2: Fly out, F7 (Flyball, 7, EV 90.6 MPH)
|
|
Batting: RHB Bobby Matyas
|
0-0: Ball 1-0: Ground out 5-3 (Groundball, 56S, EV 85.0 MPH)
|
| Top of the 3rd over - 0 runs, 1 hit, 0 errors, 1 left on base; Joplin 0 - Houston 0 |
| BOTTOM OF THE 3RD |
|
Houston Colt .45's batting - Pitching for Joplin Blasters : RHP Mike Galvin
|
|
Pitching: RHP Justin Potts
|
|
|
Batting: RHB To-wai Chen
|
0-0: Ball 1-0: Swinging Strike 1-1: Foul Ball, location: 2F 1-2: Strikes out looking
|
|
Batting: RHB Jarno van Lente
|
0-0: Called Strike 0-1: Swinging Strike 0-2: Ball 1-2: Strikes out swinging
|
|
Batting: RHB Erik Smith
|
0-0: Ball 1-0: Swinging Strike 1-1: Called Strike 1-2: Strikes out swinging
|
| Bottom of the 3rd over - 0 runs, 0 hits, 0 errors, 0 left on base; Joplin 0 - Houston 0 |
| TOP OF THE 4TH |
|
Joplin Blasters batting - Pitching for Houston Colt .45's : RHP Jaquan Alston
|
|
Batting: LHB Josh Dalton
|
0-0: Swinging Strike 0-1: Called Strike 0-2: Strikes out looking
|
|
Batting: SHB Sean Hill
|
0-0: Called Strike 0-1: Ball 1-1: Foul Ball, location: 2F 1-2: Ball 2-2: Ground out 6-3 (Groundball, 6M, EV 104.4 MPH)
|
|
Batting: RHB Justin Goff
|
0-0: Ball 1-0: Ball 2-0: Called Strike 2-1: Foul Ball, location: 2F 2-2: Foul Ball, location: 2F 2-2: Ground out 6-3 (Groundball, 6, EV 82.5 MPH)
|
| Top of the 4th over - 0 runs, 0 hits, 0 errors, 0 left on base; Joplin 0 - Houston 0 |
| BOTTOM OF THE 4TH |
|
Houston Colt .45's batting - Pitching for Joplin Blasters : RHP Justin Potts
|
|
Batting: RHB Jason Monico
|
0-0: Ball 1-0: Ball 2-0: Foul Ball, location: 2F 2-1: Ball 3-1: Foul Ball, location: 2F 3-2: Reached on error, E5 (Groundball, 56S, EV 85.6 MPH)
|
|
Batting: SHB Chris Keziah
|
0-0: Called Strike 0-1: Called Strike 0-2: Ball 1-2: Strikes out looking
|
|
Batting: RHB Bobby Dunn
|
0-0: Ball 1-0: Foul Ball, location: 2F 1-1: Fly out, F3 (Flyball, 34D, EV 71.2 MPH)
|
|
Batting: LHB Bob Dietz
|
0-0: Foul Ball, location: 2F 0-1: Called Strike 0-2: Foul Ball, location: 2F 0-2: Strikes out swinging
|
| Bottom of the 4th over - 0 runs, 0 hits, 1 error, 1 left on base; Joplin 0 - Houston 0 |
| TOP OF THE 5TH |
|
Joplin Blasters batting - Pitching for Houston Colt .45's : RHP Jaquan Alston
|
|
Batting: RHB Adam Krieger
|
0-0: Ball 1-0: Called Strike 1-1: Foul Ball, location: 2F 1-2: Foul Ball, location: 2F 1-2: Foul Ball, location: 2F 1-2: Ball 2-2: Foul Ball, location: 2F 2-2: Ground out 6-3 (Groundball, 6, EV 110.0 MPH)
|
|
Batting: RHB Jason Birge
|
0-0: Swinging Strike 0-1: Swinging Strike 0-2: Ball 1-2: SINGLE (Line Drive, 78S, EV 93.1 MPH)
|
|
Batting: RHB Carlos Santoni
|
0-0: Ball Wild Pitch! Jason Birge to second 1-0: Ground out 4-3 (Groundball, 4S, EV 83.8 MPH) Jason Birge to third
|
|
Batting: RHB Dave Saldana
|
0-0: Ball 1-0: Called Strike 1-1: Ball 2-1: Foul Ball, location: 2F 2-2: Ball 3-2: SINGLE (Groundball, 5S, EV 70.0 MPH) (infield hit) Jason Birge scores
|
|
Batting: LHB David Bearden
|
0-0: Ball 1-0: Ball 2-0: Ball 3-0: Called Strike 3-1: Ground out 4-3 (Groundball, 4, EV 99.4 MPH)
|
| Top of the 5th over - 1 run, 2 hits, 0 errors, 1 left on base; Joplin 1 - Houston 0 |
| BOTTOM OF THE 5TH |
|
Houston Colt .45's batting - Pitching for Joplin Blasters : RHP Justin Potts
|
|
Batting: RHB Nate Britton
|
0-0: Ball 1-0: Ball 2-0: Called Strike 2-1: Swinging Strike 2-2: Strikes out swinging
|
|
Batting: RHB Keith Goodwin
|
0-0: Ground out 5-3 (Groundball, 5, EV 80.0 MPH)
|
|
Batting: RHB To-wai Chen
|
0-0: Ball 1-0: Fly out, F2 (Popup, 23F, EV 85.0 MPH)
|
| Bottom of the 5th over - 0 runs, 0 hits, 0 errors, 0 left on base; Joplin 1 - Houston 0 |
| TOP OF THE 6TH |
|
Joplin Blasters batting - Pitching for Houston Colt .45's : RHP Jaquan Alston
|
|
Batting: RHB Bobby Matyas
|
0-0: Ball 1-0: Swinging Strike 1-1: Swinging Strike 1-2: SINGLE (Groundball, 6MD, EV 100.6 MPH)
|
|
Pitching: RHP Devin Spears
|
|
|
Batting: LHB Josh Dalton
|
0-0: Ball 1-0: Ball 2-0: Ball 3-0: Called Strike 3-1: Base on Balls Bobby Matyas to second
|
|
Batting: SHB Sean Hill
|
0-0: Called Strike 0-1: Ball 1-1: Ball 2-1: Ball 3-1: Fielders Choice at 2nd, 3-6 (Groundball, 34S, EV 81.9 MPH) Bobby Matyas to third
|
|
Batting: RHB Justin Goff
|
0-0: Ball 1-0: Swinging Strike 1-1: Ball 2-1: Foul Ball, location: 2F 2-2: Ball 3-2: Foul Ball, location: 2F 3-2: Base on Balls Sean Hill to second
|
|
Batting: RHB Adam Krieger
|
0-0: Ball Passed Ball! Bobby Matyas scores Sean Hill to third Justin Goff to second 1-0: Called Strike 1-1: Ball 2-1: Foul Ball, location: 2F 2-2: Strikes out swinging
|
|
Pitching: LHP T.J. Westover
|
|
|
Batting: RHB Jason Birge
|
0-0: Called Strike 0-1: Called Strike 0-2: Strikes out swinging
|
| Top of the 6th over - 1 run, 1 hit, 0 errors, 2 left on base; Joplin 2 - Houston 0 |
| BOTTOM OF THE 6TH |
|
Houston Colt .45's batting - Pitching for Joplin Blasters : RHP Justin Potts
|
|
Batting: RHB Jarno van Lente
|
0-0: Called Strike 0-1: Swinging Strike 0-2: Foul Ball, location: 2F 0-2: Ball 1-2: Ball 2-2: Foul Ball, location: 2F 2-2: Foul Ball, location: 2F 2-2: Strikes out swinging
|
|
Pitching: RHP Greg Sell
|
|
|
Batting: RHB Erik Smith
|
0-0: Called Strike 0-1: Ball 1-1: Called Strike 1-2: Ball 2-2: Foul Ball, location: 2F 2-2: Foul Ball, location: 2F 2-2: Ball 3-2: Strikes out swinging
|
|
Batting: RHB Jason Monico
|
0-0: Fly out, F9 (Flyball, 89M, EV 86.9 MPH)
|
| Bottom of the 6th over - 0 runs, 0 hits, 0 errors, 0 left on base; Joplin 2 - Houston 0 |
| TOP OF THE 7TH |
|
Joplin Blasters batting - Pitching for Houston Colt .45's : LHP T.J. Westover
|
|
Batting: RHB Carlos Santoni
|
0-0: Ball 1-0: Called Strike 1-1: Ground out 1-3 (Groundball, 15S, EV 71.2 MPH)
|
|
Batting: RHB Dave Saldana
|
0-0: Called Strike 0-1: Ground out 5-3 (Groundball, 56, EV 82.5 MPH)
|
|
Batting: LHB David Bearden
|
0-0: Ball 1-0: Foul Ball, location: 2F 1-1: Foul Ball, location: 2F 1-2: Ball 2-2: SOLO HOME RUN (Flyball, 89XD, EV 108.8 MPH), Distance : 413 ft
|
|
Batting: RHB Bobby Matyas
|
0-0: Called Strike 0-1: Swinging Strike 0-2: Ball 1-2: Strikes out swinging
|
| Top of the 7th over - 1 run, 1 hit, 0 errors, 0 left on base; Joplin 3 - Houston 0 |
| BOTTOM OF THE 7TH |
|
Houston Colt .45's batting - Pitching for Joplin Blasters : RHP Greg Sell
|
|
Batting: SHB Chris Keziah
|
0-0: Ball 1-0: Foul Ball, location: 2F 1-1: Called Strike 1-2: Ball 2-2: Foul Ball, location: 2F 2-2: Ball 3-2: Fly out, F4 (Flyball, 34D, EV 81.2 MPH)
|
|
Batting: RHB Bobby Dunn
|
0-0: Ball 1-0: Called Strike 1-1: Called Strike 1-2: Ball 2-2: Foul Ball, location: 2F 2-2: Foul Ball, location: 2F 2-2: Ball 3-2: Ground out 4-3 (Groundball, 4, EV 86.2 MPH)
|
|
Batting: LHB Bob Dietz
|
0-0: Ball 1-0: Ball 2-0: Foul Ball, location: 2F 2-1: Ball 3-1: Called Strike 3-2: Base on Balls
|
|
Batting: RHB Nate Britton
|
0-0: Ball 1-0: Ball 2-0: Called Strike 2-1: Foul Ball, location: 2F 2-2: Foul Ball, location: 2F 2-2: Strikes out looking
|
| Bottom of the 7th over - 0 runs, 0 hits, 0 errors, 1 left on base; Joplin 3 - Houston 0 |
| TOP OF THE 8TH |
|
Joplin Blasters batting - Pitching for Houston Colt .45's : LHP T.J. Westover
|
|
Pitching: RHP Russ Greer
|
|
|
Batting: LHB Josh Dalton
|
0-0: Foul Ball, location: 2F 0-1: Swinging Strike 0-2: DOUBLE (Flyball, 8LXD, EV 100.0 MPH)
|
|
Batting: SHB Sean Hill
|
0-0: Ball 1-0: Ball 2-0: Ball 3-0: Called Strike 3-1: Base on Balls
|
|
Batting: RHB Justin Goff
|
0-0: Ball 1-0: Ball 2-0: Bunted foul 2-1: Sac Bunt to 15S - play at first, batter OUT! 1-4 Josh Dalton to third Sean Hill to second
|
|
Batting: RHB Adam Krieger
|
0-0: Ball 1-0: Ball 2-0: Ball Passed Ball! Josh Dalton scores Sean Hill to third 3-0: Called Strike 3-1: Swinging Strike 3-2: SINGLE (Flyball, 89M, EV 96.2 MPH) Sean Hill scores
|
|
Pitching: RHP Tim Watson
|
|
|
Batting: RHB Jason Birge
|
0-0: Fly out, F8 (Flyball, 8LD, EV 104.4 MPH)
|
|
Batting: RHB Carlos Santoni
|
0-0: Called Strike 0-1: Ball 1-1: Ball 2-1: Called Strike 2-2: DOUBLE (Flyball, 89D, EV 102.5 MPH) Adam Krieger to third Adam Krieger scores
|
|
Batting: RHB Dave Saldana
|
0-0: Swinging Strike 0-1: SINGLE (Line Drive, 9S, EV 94.4 MPH) Carlos Santoni to third Runner from 3rd tries for Home, SAFE, throw by RF to home
|
|
Batting: LHB David Bearden
|
0-0: Foul Ball, location: 2F 0-1: Foul Ball, location: 2F 0-2: Ball 1-2: Ball Passed Ball! Dave Saldana to second 2-2: Ground out U3 (Groundball, 3, EV 87.5 MPH)
|
| Top of the 8th over - 4 runs, 4 hits, 0 errors, 1 left on base; Joplin 7 - Houston 0 |
| BOTTOM OF THE 8TH |
|
Houston Colt .45's batting - Pitching for Joplin Blasters : RHP Greg Sell
|
|
Batting: RHB Keith Goodwin
|
0-0: Ball 1-0: Called Strike 1-1: Ball 2-1: Swinging Strike 2-2: Foul Ball, location: 2F 2-2: Ball 3-2: Base on Balls
|
|
Pitching: RHP Gary Ackerman
|
|
|
Batting: RHB To-wai Chen
|
0-0: Grounds into double play, 5-4-3 (Groundball, 56S, EV 84.4 MPH)
|
|
Batting: RHB Jarno van Lente
|
0-0: Foul Ball, location: 2F 0-1: Swinging Strike 0-2: Foul Ball, location: 2F 0-2: Foul Ball, location: 2F 0-2: Ball 1-2: Ball 2-2: Strikes out looking
|
| Bottom of the 8th over - 0 runs, 0 hits, 0 errors, 0 left on base; Joplin 7 - Houston 0 |
| TOP OF THE 9TH |
|
Joplin Blasters batting - Pitching for Houston Colt .45's : RHP Tim Watson
|
|
Batting: RHB Bobby Matyas
|
0-0: Ground out 4-3 (Groundball, 4, EV 105.0 MPH)
|
|
Batting: LHB Josh Dalton
|
0-0: Called Strike 0-1: Ball 1-1: SOLO HOME RUN (Flyball, 89XD, EV 103.8 MPH), Distance : 411 ft
|
|
Batting: SHB Sean Hill
|
0-0: Called Strike 0-1: SINGLE (Line Drive, 89M, EV 104.4 MPH)
|
|
Pinch Hitting: RHB Chance Argy
|
0-0: Foul Ball, location: 2F 0-1: Ball 1-1: Swinging Strike 1-2: Ball 2-2: Ball 3-2: Foul Ball, location: 2F 3-2: Base on Balls Sean Hill to second
|
|
Batting: RHB Adam Krieger
|
0-0: Foul Ball, location: 2F 0-1: Ball 1-1: Ball 2-1: TRIPLE (Flyball, 89XD, EV 94.4 MPH) Sean Hill scores Chance Argy scores
|
|
Pitching: LHP Mark Sanders
|
|
|
Batting: RHB Jason Birge
|
0-0: Ball 1-0: Called Strike 1-1: Called Strike 1-2: Ball 2-2: Ball 3-2: Foul Ball, location: 2F 3-2: Fly out, F3 (Line Drive, 3, EV 75.6 MPH)
|
|
Batting: RHB Carlos Santoni
|
0-0: Ball 1-0: Ball 2-0: Ball 3-0: Base on Balls
|
|
Batting: RHB Dave Saldana
|
0-0: Foul Ball, location: 2F 0-1: Ball 1-1: Ground out 4-3 (Groundball, 4, EV 82.5 MPH)
|
| Top of the 9th over - 3 runs, 3 hits, 0 errors, 2 left on base; Joplin 10 - Houston 0 |
| BOTTOM OF THE 9TH |
|
Houston Colt .45's batting - Pitching for Joplin Blasters : RHP Gary Ackerman
|
|
Now at 1B: Chance Argy
|
|
|
Batting: RHB Erik Smith
|
0-0: Ball 1-0: Ball 2-0: Called Strike 2-1: Ball 3-1: DOUBLE (Line Drive, 9LD, EV 104.4 MPH)
|
|
Batting: RHB Jason Monico
|
0-0: Foul Ball, location: 2F 0-1: Swinging Strike 0-2: Ball 1-2: Foul Ball, location: 2F 1-2: Foul Ball, location: 2F 1-2: Ball 2-2: Strikes out looking
|
|
Batting: SHB Chris Keziah
|
0-0: Ball 1-0: Called Strike 1-1: Foul Ball, location: 2F 1-2: Strikes out swinging
|
|
Batting: RHB Bobby Dunn
|
0-0: Ball 1-0: Called Strike 1-1: Foul Ball, location: 2F 1-2: Ball 2-2: Ball 3-2: Foul Ball, location: 2F 3-2: Base on Balls
|
|
Batting: LHB Bob Dietz
|
0-0: Ball 1-0: Swinging Strike 1-1: Swinging Strike 1-2: Strikes out swinging
|
| Bottom of the 9th over - 0 runs, 1 hit, 0 errors, 2 left on base; Joplin 10 - Houston 0 |
|